BSA
ST. LOUIS BROWNS @ FRESNO DEPLORABLES
03/15/2026
 
TOP OF THE 1ST
St. Louis Browns batting - Pitching for Portland Cards : RHP Dionisio Penni
Pitching: RHP Dionisio Penni
Batting: LHB Joe Sanders 0-0: Called Strike
0-1: Ball
1-1: Ball
2-1: Ground out 4-3 (Groundball, 4)
Batting: LHB Mike Hill 0-0: Ball
1-0: Ball
2-0: Ground out 3-1 (Groundball, 34S)
Batting: LHB Víctor Hernández 0-0: Ground out 4-3 (Groundball, 34)
Top of the 1st over - 0 run(s), 0 hit(s), 0 error(s), 0 left on base; St. Louis 0 - Portland 0
BOTTOM OF THE 1ST
Portland Cards batting - Pitching for St. Louis Browns : RHP Aaron Palmer
Pitching: RHP Aaron Palmer
Batting: RHB Dani Vázquez 0-0: Ball
1-0: Called Strike
1-1: Ground out 4-3 (Groundball, 4M)
Batting: LHB Keith Beard 0-0: Called Strike
0-1: Ball
1-1: Foul Ball, location: 2F
1-2: Ball
2-2: Foul Ball, location: 2F
2-2: Strikes out swinging
Batting: LHB Jeff Daniels 0-0: Called Strike
0-1: Foul Ball, location: 2F
0-2: Ball
1-2: DOUBLE (Flyball, 7LS)
Batting: RHB Paco Arellano 0-0: DOUBLE (Line Drive, 7LS)
Jeff Daniels scores
Batting: LHB Paul Mullins 0-0: Ball
Wild Pitch!
Paco Arellano to third
1-0: Swinging Strike
1-1: Fly out, F6 (Popup, 6M)
Bottom of the 1st over - 1 run(s), 2 hit(s), 0 error(s), 1 left on base; St. Louis 0 - Portland 1
TOP OF THE 2ND
St. Louis Browns batting - Pitching for Portland Cards : RHP Dionisio Penni
Batting: LHB Jorge Torres 0-0: Ground out U3 (Groundball, 3)
Batting: SHB Ryobe Yamamoto 0-0: Ball
1-0: Called Strike
1-1: Foul Ball, location: 2F
1-2: Foul Ball, location: 2F
1-2: SINGLE (Line Drive, 9LS)
Batting: LHB Héctor Rentería 0-0: Fielders Choice at 2nd, 5-4 (Groundball, 56)
Batting: LHB Tommy Evans 0-0: Ball
1-0: Called Strike
1-1: Ball
2-1: Called Strike
2-2: Strikes out swinging
Top of the 2nd over - 0 run(s), 1 hit(s), 0 error(s), 1 left on base; St. Louis 0 - Portland 1
BOTTOM OF THE 2ND
Portland Cards batting - Pitching for St. Louis Browns : RHP Aaron Palmer
Batting: RHB Aaron Scott 0-0: Foul Ball, location: 2F
0-1: Foul Ball, location: 2F
0-2: Foul Ball, location: 2F
0-2: Ball
1-2: Foul Ball, location: 2F
1-2: Fly out, F9 (Flyball, 89M)
Batting: LHB Tom Blake 0-0: Called Strike
0-1: Foul Ball, location: 2F
0-2: Foul Ball, location: 2F
0-2: Ball
1-2: Ball
2-2: Strikes out swinging
Batting: RHB Germán Rosales 0-0: Ball
1-0: Ground out 4-3 (Groundball, 4)
Bottom of the 2nd over - 0 run(s), 0 hit(s), 0 error(s), 0 left on base; St. Louis 0 - Portland 1
TOP OF THE 3RD
St. Louis Browns batting - Pitching for Portland Cards : RHP Dionisio Penni
Batting: RHB Carlos Alfaro 0-0: Ball
1-0: Ground out 6-3 (Groundball, 6)
Batting: RHB Mario Rosales 0-0: Called Strike
0-1: Ground out 1-3 (Groundball, 15)
Batting: LHB Joe Sanders 0-0: Called Strike
0-1: Foul Ball, location: 2F
0-2: Strikes out swinging
Top of the 3rd over - 0 run(s), 0 hit(s), 0 error(s), 0 left on base; St. Louis 0 - Portland 1
BOTTOM OF THE 3RD
Portland Cards batting - Pitching for St. Louis Browns : RHP Aaron Palmer
Batting: RHB Bartolo Quiñones 0-0: Foul Ball, location: 2F
0-1: Called Strike
0-2: Ball
1-2: SINGLE (Groundball, 56D)
Batting: RHB Dani Vázquez 0-0: Ball
1-0: Swinging Strike
1-1: Foul Ball, location: 2F
1-2: Ball
2-2: Ball
3-2: Foul Ball, location: 2F
3-2: Ground out 5-3 (Groundball, 5S)
Bartolo Quiñones to second
Batting: LHB Keith Beard 0-0: Ball
1-0: Foul Ball, location: 2F
1-1: Called Strike
1-2: Ball
2-2: Ground out U3 (Groundball, 3L)
Bartolo Quiñones to third
Batting: LHB Jeff Daniels 0-0: Called Strike
0-1: Ball
1-1: Swinging Strike
1-2: Strikes out swinging
Bottom of the 3rd over - 0 run(s), 1 hit(s), 0 error(s), 1 left on base; St. Louis 0 - Portland 1
TOP OF THE 4TH
St. Louis Browns batting - Pitching for Portland Cards : RHP Dionisio Penni
Batting: LHB Mike Hill 0-0: Ball
1-0: Ball
2-0: Called Strike
2-1: Ground out 4-3 (Groundball, 4M)
Batting: LHB Víctor Hernández 0-0: Swinging Strike
0-1: Ball
1-1: Ground out 4-3 (Groundball, 4)
Batting: LHB Jorge Torres 0-0: Called Strike
0-1: Ball
1-1: Swinging Strike
1-2: Ball
2-2: Strikes out swinging
Top of the 4th over - 0 run(s), 0 hit(s), 0 error(s), 0 left on base; St. Louis 0 - Portland 1
BOTTOM OF THE 4TH
Portland Cards batting - Pitching for St. Louis Browns : RHP Aaron Palmer
Batting: RHB Paco Arellano 0-0: SINGLE (Line Drive, 89M)
Batting: LHB Paul Mullins 0-0: Ball
1-0: Called Strike
1-1: Ball
2-1: Fly out, F8 (Flyball, 8LM)
Batting: RHB Aaron Scott 0-0: Fly out, F1 (Line Drive, 15)
0-0: Lined into DP, 1-3 (Line Drive, 15)
Bottom of the 4th over - 0 run(s), 1 hit(s), 0 error(s), 0 left on base; St. Louis 0 - Portland 1
TOP OF THE 5TH
St. Louis Browns batting - Pitching for Portland Cards : RHP Dionisio Penni
Pitching: RHP César Menéndez
Batting: SHB Ryobe Yamamoto 0-0: Called Strike
0-1: Ball
1-1: SINGLE (Line Drive, 8LS)
Batting: LHB Héctor Rentería 0-0: Called Strike
0-1: Called Strike
0-2: Ball
1-2: Foul Ball, location: 2F
1-2: Ball
2-2: Foul Ball, location: 2F
2-2: Fielders Choice at 2nd, 4-6 (Groundball, 34)
Batting: LHB Tommy Evans 0-0: Ball
1-0: Called Strike
1-1: Ball
2-1: Called Strike
2-2: SINGLE (Groundball, 15) (infield hit)
Héctor Rentería to second
Batting: RHB Carlos Alfaro 0-0: Foul Ball, location: 2F
0-1: Swinging Strike
0-2: Ball
1-2: Strikes out looking
Batting: RHB Mario Rosales 0-0: Ground out U3 (Groundball, 3)
Top of the 5th over - 0 run(s), 2 hit(s), 0 error(s), 2 left on base; St. Louis 0 - Portland 1
BOTTOM OF THE 5TH
Portland Cards batting - Pitching for St. Louis Browns : RHP Aaron Palmer
Pitching: LHP Darren Blackwell
Batting: LHB Tom Blake 0-0: Called Strike
0-1: Swinging Strike
0-2: Ball
1-2: Strikes out swinging
Batting: RHB Germán Rosales 0-0: Ground out 1-3 (Groundball, 13S)
Batting: RHB Bartolo Quiñones 0-0: SOLO HOME RUN (Flyball, 78XD), Distance : 421 ft
Batting: RHB Dani Vázquez 0-0: Swinging Strike
0-1: SINGLE (Line Drive, 89S)
Batting: LHB Keith Beard 0-0: Foul Ball, location: 2F
0-1: Foul Ball, location: 2F
0-2: Fly out, F3 (Line Drive, 3L)
Bottom of the 5th over - 1 run(s), 2 hit(s), 0 error(s), 1 left on base; St. Louis 0 - Portland 2
TOP OF THE 6TH
St. Louis Browns batting - Pitching for Portland Cards : RHP César Menéndez
Batting: LHB Joe Sanders 0-0: Ball
1-0: Foul Ball, location: 2F
1-1: Fly out, F9 (Flyball, 9M)
Batting: LHB Mike Hill 0-0: SINGLE (Groundball, 4MD)
Batting: LHB Víctor Hernández 0-0: Ball
1-0: SINGLE (Line Drive, 4)
Mike Hill to second
Batting: LHB Jorge Torres 0-0: Fly out, F8 (Flyball, 8LM)
Batting: SHB Ryobe Yamamoto 0-0: Foul Ball, location: 2F
0-1: Ground out 3-1 (Groundball, 3L)
Top of the 6th over - 0 run(s), 2 hit(s), 0 error(s), 2 left on base; St. Louis 0 - Portland 2
BOTTOM OF THE 6TH
Portland Cards batting - Pitching for St. Louis Browns : LHP Darren Blackwell
Batting: LHB Jeff Daniels 0-0: Ball
1-0: Ball
2-0: Called Strike
2-1: Swinging Strike
2-2: Strikes out swinging
Batting: RHB Paco Arellano 0-0: Ball
1-0: Foul Ball, location: 2F
1-1: Ball
2-1: Ball
3-1: Called Strike
3-2: Base on Balls
Batting: LHB Paul Mullins 0-0: Called Strike
0-1: SINGLE (Flyball, 78S)
Paco Arellano to second
Batting: RHB Aaron Scott 0-0: Ball
1-0: Ball
2-0: Called Strike
2-1: Ball
3-1: Base on Balls
Paco Arellano to third
Paul Mullins to second
Batting: LHB Tom Blake 0-0: Ball
1-0: Called Strike
1-1: Swinging Strike
1-2: Strikes out looking
Batting: RHB Germán Rosales 0-0: Ball
1-0: Fly out, F9 (Flyball, 89D)
Bottom of the 6th over - 0 run(s), 1 hit(s), 0 error(s), 3 left on base; St. Louis 0 - Portland 2
TOP OF THE 7TH
St. Louis Browns batting - Pitching for Portland Cards : RHP César Menéndez
Pitching: LHP Valentín Reséndez
Batting: LHB Héctor Rentería 0-0: Called Strike
0-1: Ball
1-1: Swinging Strike
1-2: Strikes out looking
Batting: LHB Tommy Evans 0-0: Ball
1-0: Ground out 5-3 (Groundball, 56)
Batting: RHB Carlos Alfaro 0-0: Ball
1-0: Called Strike
1-1: Called Strike
1-2: Foul Ball, location: 2F
1-2: Ball
2-2: Foul Ball, location: 2F
2-2: Foul Ball, location: 2F
2-2: Ball
3-2: Ground out 4-3 (Groundball, 4)
Top of the 7th over - 0 run(s), 0 hit(s), 0 error(s), 0 left on base; St. Louis 0 - Portland 2
BOTTOM OF THE 7TH
Portland Cards batting - Pitching for St. Louis Browns : LHP Darren Blackwell
Pitching: LHP Santiago Valentín
Batting: RHB Bartolo Quiñones 0-0: Called Strike
0-1: Swinging Strike
0-2: Ball
1-2: Ball
2-2: Foul Ball, location: 2F
2-2: Ground out 6-3 (Groundball, 6M)
Pinch Hitting: RHB Lonson Seals 0-0: SINGLE (Groundball, 4MD)
Pinch Hitting: RHB Claudio Guerra 0-0: Ball
1-0: Ball
2-0: Fly out, F8 (Flyball, 8LD)
Batting: RHB Carlos García
Pitching: RHP Arturo Leal 0-0: Ball
1-0: Foul Ball, location: 2F
1-1: Ball
2-1: Foul Ball, location: 2F
2-2: Foul Ball, location: 2F
2-2: Fly out, F8 (Flyball, 78S)
Bottom of the 7th over - 0 run(s), 1 hit(s), 0 error(s), 1 left on base; St. Louis 0 - Portland 2
TOP OF THE 8TH
St. Louis Browns batting - Pitching for Portland Cards : LHP Valentín Reséndez
Now at 2B: Lonson Seals
Now in CF: Rob Bailey
Batting: RHB Mario Rosales 0-0: Ball
1-0: Called Strike
1-1: Ball
2-1: Ball
3-1: Called Strike
3-2: SOLO HOME RUN (Flyball, 78XD), Distance : 413 ft
Batting: LHB Joe Sanders 0-0: Ground out 4-3 (Groundball, 4)
Pinch Hitting: RHB Yoshihide Takahashi 0-0: Called Strike
0-1: Swinging Strike
0-2: Ball
1-2: Strikes out swinging
Pinch Hitting: RHB Will Brown 0-0: Ball
1-0: Ball
2-0: Ball
3-0: Called Strike
3-1: Base on Balls
Batting: LHB Jorge Torres 0-0: Ball
1-0: SINGLE (Groundball, 13) (infield hit)
Will Brown to second
Pinch Hitting: RHB R.J. Parker 0-0: Called Strike
0-1: Called Strike
0-2: Ball
1-2: Strikes out looking
Top of the 8th over - 1 run(s), 2 hit(s), 0 error(s), 2 left on base; St. Louis 1 - Portland 2
BOTTOM OF THE 8TH
Portland Cards batting - Pitching for St. Louis Browns : RHP Arturo Leal
Pitching: RHP Claudio Martínez
Now at 1B: Will Brown
Now at 2B: Shawn Marshall
Now in LF: Yoshihide Takahashi
Pinch Hitting: LHB John Cotton 0-0: Fly out, F9 (Flyball, 8RM)
Pitching: LHP Miguel Martínez
Batting: LHB Paul Mullins 0-0: Ball
1-0: Ball
2-0: Fly out, F6 (Popup, 6D)
Pinch Hitting: LHB Jeff Doss 0-0: Ball
1-0: Called Strike
1-1: Called Strike
1-2: Ball
2-2: Foul Ball, location: 2F
2-2: Ball
3-2: Base on Balls
Pitching: LHP Keith Hill
Batting: LHB Tom Blake 0-0: Foul Ball, location: 2F
0-1: Called Strike
0-2: Ball
1-2: Strikes out looking
Bottom of the 8th over - 0 run(s), 0 hit(s), 0 error(s), 1 left on base; St. Louis 1 - Portland 2
TOP OF THE 9TH
St. Louis Browns batting - Pitching for Portland Cards : LHP Valentín Reséndez
Pitching: RHP Steve Griffin
Now at SS: Jeff Doss
Now in LF: Elpidio Martinho
Pinch Hitting: LHB Clinton Clark 0-0: Ball
1-0: Ball
2-0: Called Strike
2-1: Ball
3-1: Base on Balls
Pinch Hitting: LHB Junior Coates 0-0: Grounds into double play, 6-4-3 (Groundball, 6)
Pinch Hitting: RHB George Howard 0-0: Foul Ball, location: 2F
0-1: SINGLE (Groundball, 56D)
Pinch Hitting: RHB António Venecia 0-0: Ball
1-0: Foul Ball, location: 2F
1-1: Ball
2-1: Ground out 5-3 (Groundball, 5)
Top of the 9th over - 0 run(s), 1 hit(s), 0 error(s), 1 left on base; St. Louis 1 - Portland 2
Monday, December 5th, 2016 - OOTP Baseball 17.12 Build 75